3AAA
HIALEAH DODOS @ PENNSAUKEN FLYERS
09/05/2030
 
TOP OF THE 1ST
Hialeah Dodos batting - Pitching for Pennsauken Flyers : LHP Bernie Sanders
Pitching: LHP Bernie Sanders
Batting: SHB Javier Gonzáles 0-0: Ball
1-0: Swinging Strike
1-1: Ground out 4-3 (Groundball, 4)
Batting: RHB Cam MacIntosh 0-0: Swinging Strike
0-1: Foul Ball, location: 2F
0-2: Fly out, F7 (Line Drive, 7LS)
Batting: RHB Jorge Salgado 0-0: Ball
1-0: Ball
2-0: Ball
3-0: Base on Balls
Batting: RHB Kumanosuke Asano 0-0: Ball
1-0: Ball
2-0: Fielders Choice at 2nd, 5-4 (Groundball, 56)
Top of the 1st over - 0 runs, 0 hits, 0 errors, 1 left on base; Hialeah 0 - Pennsauken 0
BOTTOM OF THE 1ST
Pennsauken Flyers batting - Pitching for Hialeah Dodos : RHP Pleun Davidse
Pitching: RHP Pleun Davidse
Batting: LHB Manuel Márquez 0-0: Ball
1-0: Foul Ball, location: 2F
1-1: Ball
2-1: Ball
3-1: Foul Ball, location: 2F
3-2: SINGLE (Groundball, 4MS) (infield hit)
Batting: RHB Marc Beck 0-0: Called Strike
0-1: Ball
1-1: Ball
2-1: Ball
3-1: Base on Balls
Manuel Márquez to second
Batting: RHB Patrick Eggen 0-0: Foul Ball, location: 2F
0-1: Ball
1-1: SINGLE (Groundball, 56D)
Manuel Márquez to third
Marc Beck to second
Runner from 3rd tries for Home, SAFE, no throw
Batting: RHB Enrique Ibarra 0-0: Ball
1-0: Called Strike
1-1: Called Strike
1-2: Strikes out swinging
Batting: SHB Pedro Ortega 0-0: Ball
1-0: SINGLE (Groundball, 4MD)
Marc Beck to third
Patrick Eggen to second
Runner from 3rd tries for Home, SAFE, no throw
Batting: RHB Raúl Guerrero 0-0: Ball
1-0: Ground out 3-1 (Groundball, 34S)
Patrick Eggen to third
Pedro Ortega to second
Batting: RHB Raúl Francisco 0-0: Swinging Strike
0-1: Ball
1-1: Swinging Strike
1-2: Strikes out swinging
Bottom of the 1st over - 2 runs, 3 hits, 0 errors, 2 left on base; Hialeah 0 - Pennsauken 2
TOP OF THE 2ND
Hialeah Dodos batting - Pitching for Pennsauken Flyers : LHP Bernie Sanders
Batting: RHB Clarence Weber 0-0: SINGLE (Groundball, 56D)
Batting: RHB Aurelio Álvarez 0-0: Called Strike
0-1: Ball
1-1: Ball
2-1: Called Strike
2-2: Grounds into double play, 4-6-3 (Groundball, 4)
Batting: LHB Atílio Mansilhas 0-0: Ball
1-0: Called Strike
1-1: Foul Ball, location: 2F
1-2: Strikes out swinging
Top of the 2nd over - 0 runs, 1 hit, 0 errors, 0 left on base; Hialeah 0 - Pennsauken 2
BOTTOM OF THE 2ND
Pennsauken Flyers batting - Pitching for Hialeah Dodos : RHP Pleun Davidse
Batting: RHB Carlos Deleón 0-0: Called Strike
0-1: Ball
1-1: Swinging Strike
1-2: Ball
2-2: Strikes out swinging
Batting: RHB Diego Romero 0-0: Ball
1-0: Ball
2-0: Called Strike
2-1: Ball
3-1: Foul Ball, location: 2F
3-2: SINGLE (Groundball, 56D)
Batting: LHB Manuel Márquez 0-0: Ball
Diego Romero is caught stealing 2nd base
1-0: Foul Ball, location: 2F
1-1: Ball
2-1: Foul Ball, location: 2F
2-2: Ball
3-2: Foul Ball, location: 2F
3-2: Foul Ball, location: 2F
3-2: Foul Ball, location: 2F
3-2: Strikes out swinging
Bottom of the 2nd over - 0 runs, 1 hit, 0 errors, 0 left on base; Hialeah 0 - Pennsauken 2
TOP OF THE 3RD
Hialeah Dodos batting - Pitching for Pennsauken Flyers : LHP Bernie Sanders
Batting: RHB Andrew Crosby 0-0: Called Strike
0-1: Called Strike
0-2: Strikes out looking
Batting: LHB Errol Levick 0-0: Swinging Strike
0-1: Foul Ball, location: 2F
0-2: Ball
1-2: Ball
2-2: SOLO HOME RUN (Flyball, 89XD), Distance : 390 ft
Batting: SHB Javier Gonzáles 0-0: Ball
1-0: Ball
2-0: Ball
3-0: Called Strike
3-1: Base on Balls
Batting: RHB Cam MacIntosh 0-0: Ball
1-0: Called Strike
1-1: Foul Ball, location: 2F
1-2: Foul Ball, location: 2F
1-2: Ball
2-2: Ball
3-2: SINGLE (Flyball, 7S)
Javier Gonzáles to second
Batting: RHB Jorge Salgado 0-0: Ball
1-0: Swinging Strike
1-1: Foul Ball, location: 2F
1-2: Strikes out swinging
Batting: RHB Kumanosuke Asano 0-0: Ball
1-0: Ball
2-0: Ground out 4-3 (Groundball, 4)
Top of the 3rd over - 1 run, 2 hits, 0 errors, 2 left on base; Hialeah 1 - Pennsauken 2
BOTTOM OF THE 3RD
Pennsauken Flyers batting - Pitching for Hialeah Dodos : RHP Pleun Davidse
Batting: RHB Marc Beck 0-0: Ball
1-0: Ball
2-0: Called Strike
2-1: Ball
3-1: Fly out, F9 (Flyball, 9)
Batting: RHB Patrick Eggen 0-0: Ball
1-0: Swinging Strike
1-1: Ball
2-1: Swinging Strike
2-2: Ball
3-2: Base on Balls
Batting: RHB Enrique Ibarra 0-0: Ball
1-0: Swinging Strike
1-1: Fly out, F8 (Flyball, 8RM)
Batting: SHB Pedro Ortega 0-0: Ball
1-0: Swinging Strike
1-1: Called Strike
1-2: Strikes out swinging
Bottom of the 3rd over - 0 runs, 0 hits, 0 errors, 1 left on base; Hialeah 1 - Pennsauken 2
TOP OF THE 4TH
Hialeah Dodos batting - Pitching for Pennsauken Flyers : LHP Bernie Sanders
Batting: RHB Clarence Weber 0-0: Ground out 3-1 (Groundball, 3S)
Batting: RHB Aurelio Álvarez 0-0: Ball
1-0: Ground out 1-3 (Groundball, 13S)
Batting: LHB Atílio Mansilhas 0-0: Called Strike
0-1: Called Strike
0-2: Ball
1-2: Ground out 6-3 (Groundball, 6)
Top of the 4th over - 0 runs, 0 hits, 0 errors, 0 left on base; Hialeah 1 - Pennsauken 2
BOTTOM OF THE 4TH
Pennsauken Flyers batting - Pitching for Hialeah Dodos : RHP Pleun Davidse
Batting: RHB Raúl Guerrero 0-0: Fly out, F6 (Line Drive, 56D)
Batting: RHB Raúl Francisco 0-0: Ball
1-0: SINGLE (Flyball, 78S)
Batting: RHB Carlos Deleón 0-0: Ball
1-0: Called Strike
Raúl Francisco steals 2nd base
1-1: Ball
2-1: Reached on error, E5 (Groundball, 56)
Raúl Francisco to third
Batting: RHB Diego Romero 0-0: Foul Ball, location: 2F
0-1: Ball
1-1: Swinging Strike
1-2: Fly out, F9 (Flyball, 9LSF)
Runner from 3rd tags up, SCORES, no throw
Batting: LHB Manuel Márquez 0-0: Swinging Strike
0-1: Ground out 4-3 (Groundball, 34D)
Bottom of the 4th over - 1 run, 1 hit, 1 error, 1 left on base; Hialeah 1 - Pennsauken 3
TOP OF THE 5TH
Hialeah Dodos batting - Pitching for Pennsauken Flyers : LHP Bernie Sanders
Batting: RHB Andrew Crosby 0-0: Ball
1-0: Bunt for hit - play at first, batter OUT! 1-3
Batting: LHB Errol Levick 0-0: Swinging Strike
0-1: Ball
1-1: Called Strike
1-2: Strikes out looking
Batting: SHB Javier Gonzáles 0-0: Ball
1-0: Ball
2-0: Ball
3-0: Called Strike
3-1: Base on Balls
Batting: RHB Cam MacIntosh 0-0: Called Strike
0-1: Ball
Throwing error on steal attempt, E2
Javier Gonzáles to third
1-1: Called Strike
1-2: Ball
2-2: Ball
3-2: Foul Ball, location: 2F
3-2: Fly out, F9 (Flyball, 9D)
Top of the 5th over - 0 runs, 0 hits, 1 error, 1 left on base; Hialeah 1 - Pennsauken 3
BOTTOM OF THE 5TH
Pennsauken Flyers batting - Pitching for Hialeah Dodos : RHP Pleun Davidse
Batting: RHB Marc Beck 0-0: Ball
1-0: Ground out 6-3 (Groundball, 6)
Batting: RHB Patrick Eggen 0-0: Called Strike
0-1: Called Strike
0-2: Ball
1-2: Foul Ball, location: 2F
1-2: SINGLE (Line Drive, 78S)
Batting: RHB Enrique Ibarra 0-0: Ball
1-0: Ball
2-0: Swinging Strike
2-1: DOUBLE (Line Drive, 7LM)
Patrick Eggen to third
Runner from 3rd tries for Home, SAFE, no throw
Batting: SHB Pedro Ortega 0-0: Ball
1-0: Ball
2-0: Ball
3-0: Called Strike
3-1: Base on Balls
Batting: RHB Raúl Guerrero 0-0: Called Strike
0-1: Called Strike
0-2: Foul Ball, location: 2F
0-2: SINGLE (Groundball, 34S) (infield hit)
Enrique Ibarra to third
Pedro Ortega to second
Batting: RHB Raúl Francisco 0-0: Ball
1-0: Ball
2-0: Called Strike
2-1: SINGLE (Groundball, 34) (infield hit)
Enrique Ibarra scores
Pedro Ortega to third
Raúl Guerrero to second
Pitching: RHP Alberto Robles
Batting: RHB Carlos Deleón 0-0: SINGLE (Line Drive, 89S)
Pedro Ortega scores
Raúl Guerrero to third
Raúl Francisco to second
Runner from 3rd tries for Home, throw and OUT!
Batting: RHB Diego Romero 0-0: Ball
1-0: Foul Ball, location: 2F
1-1: DOUBLE (Line Drive, 8LXD)
Raúl Francisco scores
Carlos Deleón to third
Runner from 3rd tries for Home, SAFE, no throw
Batting: LHB Manuel Márquez 0-0: Fly out, F8 (Flyball, 8LS)
Bottom of the 5th over - 5 runs, 6 hits, 0 errors, 1 left on base; Hialeah 1 - Pennsauken 8
TOP OF THE 6TH
Hialeah Dodos batting - Pitching for Pennsauken Flyers : LHP Bernie Sanders
Batting: RHB Jorge Salgado 0-0: Foul Ball, location: 2F
0-1: Ball
1-1: Ball
2-1: Ball
3-1: Base on Balls
Batting: RHB Kumanosuke Asano 0-0: Called Strike
0-1: Called Strike
0-2: Ball
1-2: Ground out 5-3 (Groundball, 56S)
Jorge Salgado to second
Batting: RHB Clarence Weber 0-0: Swinging Strike
0-1: Ball
1-1: Ground out 4-3 (Groundball, 4)
Jorge Salgado to third
Batting: RHB Aurelio Álvarez 0-0: Fly out, F9 (Flyball, 9LM)
Top of the 6th over - 0 runs, 0 hits, 0 errors, 1 left on base; Hialeah 1 - Pennsauken 8
BOTTOM OF THE 6TH
Pennsauken Flyers batting - Pitching for Hialeah Dodos : RHP Alberto Robles
Batting: RHB Marc Beck 0-0: Ball
1-0: Foul Ball, location: 2F
1-1: Ball
2-1: Foul Ball, location: 2F
2-2: Ball
3-2: Foul Ball, location: 2F
3-2: Foul Ball, location: 2F
3-2: Fly out, F6 (Line Drive, 6)
Batting: RHB Patrick Eggen 0-0: Called Strike
0-1: SINGLE (Groundball, 6MD)
Batting: RHB Enrique Ibarra 0-0: Called Strike
Pickoff Throw to First - Error! E1
Patrick Eggen to second
0-1: Called Strike
0-2: Strikes out looking
Batting: SHB Pedro Ortega 0-0: Called Strike
0-1: Fly out, F1 (Line Drive, 15S)
Bottom of the 6th over - 0 runs, 1 hit, 1 error, 1 left on base; Hialeah 1 - Pennsauken 8
TOP OF THE 7TH
Hialeah Dodos batting - Pitching for Pennsauken Flyers : LHP Bernie Sanders
Batting: LHB Atílio Mansilhas 0-0: Ball
1-0: Swinging Strike
1-1: Foul Ball, location: 2F
1-2: Strikes out swinging
Batting: RHB Andrew Crosby 0-0: Called Strike
0-1: Ground out 6-3 (Groundball, 6)
Batting: LHB Errol Levick 0-0: Called Strike
0-1: Swinging Strike
0-2: Ball
1-2: Fly out, F8 (Flyball, 89D)
Top of the 7th over - 0 runs, 0 hits, 0 errors, 0 left on base; Hialeah 1 - Pennsauken 8
BOTTOM OF THE 7TH
Pennsauken Flyers batting - Pitching for Hialeah Dodos : RHP Alberto Robles
Batting: RHB Raúl Guerrero 0-0: Ball
1-0: Swinging Strike
1-1: Ball
2-1: Swinging Strike
2-2: Ground out 6-3 (Groundball, 56)
Batting: RHB Raúl Francisco 0-0: Swinging Strike
0-1: Called Strike
0-2: Ball
1-2: Foul Ball, location: 2F
1-2: Ball
2-2: Strikes out swinging
Batting: RHB Carlos Deleón 0-0: Called Strike
0-1: Ball
1-1: Ball
2-1: Fly out, F7 (Flyball, 7D)
Bottom of the 7th over - 0 runs, 0 hits, 0 errors, 0 left on base; Hialeah 1 - Pennsauken 8
TOP OF THE 8TH
Hialeah Dodos batting - Pitching for Pennsauken Flyers : LHP Bernie Sanders
Batting: SHB Javier Gonzáles 0-0: Ball
1-0: Called Strike
1-1: Swinging Strike
1-2: Ball
2-2: Strikes out swinging
Batting: RHB Cam MacIntosh 0-0: Ball
1-0: Called Strike
1-1: Called Strike
1-2: Foul Ball, location: 2F
1-2: Foul Ball, location: 2F
1-2: Foul Ball, location: 2F
1-2: DOUBLE (Line Drive, 9LS)
Batting: RHB Jorge Salgado 0-0: Called Strike
0-1: Ball
1-1: Ball
2-1: Ball
3-1: Fly out, F8 (Flyball, 8RM)
Pitching: RHP Manny Benavides
Batting: RHB Kumanosuke Asano 0-0: Swinging Strike
0-1: Called Strike
0-2: Ball
1-2: Foul Ball, location: 2F
1-2: Ball
2-2: Ground out 6-3 (Groundball, 6)
Top of the 8th over - 0 runs, 1 hit, 0 errors, 1 left on base; Hialeah 1 - Pennsauken 8
BOTTOM OF THE 8TH
Pennsauken Flyers batting - Pitching for Hialeah Dodos : RHP Alberto Robles
Batting: RHB Diego Romero 0-0: Called Strike
0-1: Fly out, F8 (Line Drive, 78D)
Batting: LHB Manuel Márquez 0-0: Ball
1-0: Foul Ball, location: 2F
1-1: Swinging Strike
1-2: Ground out 6-3 (Groundball, 56)
Batting: RHB Marc Beck 0-0: Ball
1-0: Ball
2-0: SINGLE (Groundball, 3D)
Batting: RHB Patrick Eggen 0-0: Ball
1-0: Ball
Marc Beck steals 2nd base
2-0: SINGLE (Groundball, 34D)
Marc Beck to third
Runner from 3rd tries for Home, SAFE, no throw
Batting: RHB Enrique Ibarra 0-0: Ball
1-0: Ball
2-0: Ball
3-0: Fly out, F9 (Flyball, 9S)
Bottom of the 8th over - 1 run, 2 hits, 0 errors, 1 left on base; Hialeah 1 - Pennsauken 9
TOP OF THE 9TH
Hialeah Dodos batting - Pitching for Pennsauken Flyers : RHP Manny Benavides
Now at 3B: Clarence Therrien
Now at SS: Ernesto López
Batting: RHB Clarence Weber 0-0: Foul Ball, location: 2F
0-1: Ball
1-1: Swinging Strike
1-2: Ball
2-2: Fly out, F4 (Line Drive, 4M)
Batting: RHB Aurelio Álvarez 0-0: Ball
1-0: Ball
2-0: Swinging Strike
2-1: Ball
3-1: Called Strike
3-2: Strikes out swinging
Batting: LHB Atílio Mansilhas 0-0: Called Strike
0-1: SINGLE (Groundball, 6MD)
Batting: RHB Andrew Crosby 0-0: Ball
1-0: Ball
2-0: Called Strike
2-1: Ball
3-1: Hit by Pitch
Atílio Mansilhas to second
Batting: LHB Errol Levick 0-0: Foul Ball, location: 2F
0-1: Ball
1-1: Fly out, F9 (Flyball, 9S)
Top of the 9th over - 0 runs, 1 hit, 0 errors, 2 left on base; Hialeah 1 - Pennsauken 9
Sunday, March 18th, 2018 - OOTP Baseball 18.8 Build 76